Diablos vs Sasquatch
Created - February 6, 2019 at 19:02
Goals
|
Diablos |
0 |
4 |
2 |
6 |
Sasquatch |
2 |
2 |
0 |
4 |
|
Shots
|
Diablos |
10 |
17 |
12 |
39 |
Sasquatch |
11 |
11 |
15 |
37 |
|
1st period
1. Sasquatch , Matt Halischuk 22 (Sergey Kalinin 14, Jeff Skinner 26) at 14:19
2. Sasquatch , Matt Halischuk 23 (Sergey Kalinin 15, Teemu Hartikainen 11) at 14:23
Penalties :
Jason Akeson (Don) for Roughing (Minor) at 4:23, Slava Voynov (Gat) for Interference (Minor) at 17:08
2nd period
3. Diablos , Brian Dumoulin 9 (Lars Eller 43, Nick Spaling 31) at 2:21 (PP)
4. Diablos , Lars Eller 25 (Cameron Gaunce 21, Alex Petrovic 24) at 9:22
5. Diablos , Jason Akeson 27 (Cameron Gaunce 22, Brian Dumoulin 17) at 9:43
6. Sasquatch , Drew Shore 22 (Jesper Fast 26, Dougie Hamilton 49) at 10:16
7. Diablos , Tyler Pitlick 14 (Brian Dumoulin 18, Cameron Gaunce 23) at 11:23
8. Sasquatch , Sergey Kalinin 10 (Matt Halischuk 37, Dougie Hamilton 50) at 17:51
Penalties :
David Desharnais (Gat) for Interference (Minor) at 2:08, Jeff Skinner (Gat) for Roughing (Minor) at 12:15, Devin Shore (Gat) for Hooking (Minor) at 15:20
3rd period
9. Diablos , Lars Eller 26 (Jason Akeson 28, Viktor Loov 13) at 10:04
10. Diablos , Brian Dumoulin 10 (Marek Zagrapan 15, Danny Kristo 8) at 15:12
Penalties :
No Penalty
Goalie Stats
Andrew Hammond (Don), 33 saves from 37 shots - (0.892), W, 12-9-4, 60:00 minutes
Joonas Korpisalo (Gat), 33 saves from 39 shots - (0.846), L, 16-8-1, 60:00 minutes
Players Stats for Diablos
Player Name G A P +/- PIM S H SB GA TA FO MP PP MP PK MP
------------------------------------------------------------------------------------
Alex Petrovic 0 1 1 -1 0 2 3 1 0 1 0/0 21:44 2:25 1:06
Andrei Mironov 0 0 0 1 0 0 1 2 0 0 0/0 14:15 0:00 0:53
Brian Dumoulin 2 2 4 1 0 3 2 2 2 1 0/0 24:01 3:45 0:00
Bryan Bickell 0 0 0 -1 0 2 4 0 0 0 0/1 17:30 2:38 0:48
Cameron Gaunce 0 3 3 3 0 5 3 1 1 1 0/0 27:30 3:45 1:06
Corey Trivino 0 0 0 -1 0 1 3 0 0 0 2/8 17:03 2:38 1:11
Danny Kristo 0 1 1 1 0 1 0 0 0 0 0/0 12:18 0:00 0:00
Jason Akeson 1 1 2 1 2 5 1 0 0 0 5/5 22:58 3:32 0:00
Jiri Sekac 0 0 0 1 0 2 2 0 0 0 0/0 12:18 0:00 0:00
Jordan Szwarz 0 0 0 -1 0 1 0 1 2 1 0/0 15:53 2:38 0:00
Lars Eller 2 1 3 1 0 8 2 1 1 0 13/40 23:47 3:32 0:48
Marek Zagrapan 0 1 1 1 0 3 1 0 0 0 3/5 12:19 0:00 0:00
Nick Spaling 0 1 1 1 0 2 0 0 1 0 0/2 23:20 3:32 1:11
Peter Holland 0 0 0 0 0 1 0 0 1 0 0/1 6:51 0:00 0:00
Philip Larsen 0 0 0 -3 0 1 3 1 1 0 0/0 15:48 0:00 0:00
Sergey Tolchinsky 0 0 0 0 0 0 1 0 0 0 0/0 6:51 0:00 0:00
Tyler Pitlick 1 0 1 0 0 2 0 1 0 0 0/0 6:52 0:00 0:00
Viktor Loov 0 1 1 1 0 0 0 3 0 1 0/0 16:42 2:25 0:53
Players Stats for Sasquatch
Player Name G A P +/- PIM S H SB GA TA FO MP PP MP PK MP
------------------------------------------------------------------------------------
Brett Pesce 0 0 0 1 0 0 0 0 0 1 0/0 13:05 0:00 0:36
Brock Trotter 0 0 0 -1 0 3 1 1 1 0 0/0 13:06 1:09 0:56
David Desharnais 0 0 0 -2 2 0 2 0 0 0 3/5 7:27 0:00 0:00
Devin Shore 0 0 0 -1 2 2 1 0 0 0 3/6 12:49 1:09 0:00
Dougie Hamilton 0 2 2 -1 0 2 0 0 1 0 0/0 27:32 0:18 4:18
Drew Shore 1 0 1 0 0 6 4 0 1 0 18/30 22:20 0:48 3:34
Jeff Skinner 0 1 1 0 2 5 5 0 0 0 1/1 20:06 0:50 0:00
Jesper Fast 0 1 1 0 0 2 1 1 1 1 1/1 18:20 0:48 0:00
Josh Morrissey 0 0 0 1 0 1 1 2 0 0 0/0 14:10 1:41 0:00
Martin Marincin 0 0 0 -1 0 1 1 0 0 1 0/0 18:18 0:00 1:52
Matt Halischuk 2 1 3 2 0 6 1 0 0 0 0/3 14:24 1:09 0:00
Nicolas Deslauriers 0 0 0 -2 0 0 0 2 0 0 0/0 11:45 0:00 3:41
Patrick Wey 0 0 0 -1 0 0 1 3 0 1 0/0 27:32 0:18 4:18
Petr Straka 0 0 0 -1 0 1 1 0 0 1 0/0 13:20 0:02 1:03
Sergey Kalinin 1 2 3 2 0 3 1 0 1 1 12/14 16:49 0:02 1:33
Slava Voynov 0 0 0 -1 2 2 2 1 0 2 0/0 19:32 1:41 1:16
Sven Andrighetto 0 0 0 -2 0 0 0 2 0 0 0/0 7:28 0:00 0:00
Teemu Hartikainen 0 1 1 2 0 3 1 0 0 1 1/2 15:43 0:00 1:33
3 Stars
1 - Brian Dumoulin (Don)
2 - Lars Eller (Don)
3 - Matt Halischuk (Gat)
Power Play
Diablos - 1 on 4 Attempt(s) - 25.00%
Sasquatch - 0 on 1 Attempt(s) - 0.00%
Penalty Kill
Diablos - 1 on 1 Attempt(s) - 100.00%
- Score 0 goal in Penalty Kill
Sasquatch - 3 on 4 Attempt(s) - 75.00%
- Score 0 goal in Penalty Kill
Team Stat
Diablos - Hits : 26 - Faceoff Wins : 23 - Blocked Shots : 13 - Penalty Minutes : 2
Sasquatch - Hits : 23 - Faceoff Wins : 39 - Blocked Shots : 12 - Penalty Minutes : 8
Official
Referees : Unknown
Linesman : Unknown
Game Notes
No Game Note
Finance
Level 1 -- Attendance: 1398 (69.90%) -- Ticket Income $55,920
Level 2 -- Attendance: 744 (74.40%) -- Ticket Income $14,880
Total Attendance: 2142 (71.40%)
Total Ticket Income: $70,800
Other Income: $3,540
Total Income: $74,340
Diablos
5 vs 5 Forward
Center Left Wing Right Wing Time % Phy DF OF
1 Lars Eller Nick Spaling Jason Akeson 40 0 1 4
2 Corey Trivino Bryan Bickell Jordan Szwarz 30 0 1 4
3 Marek Zagrapan Jiri Sekac Danny Kristo 20 0 2 3
4 Peter Holland Sergey Tolchinsky Tyler Pitlick 10 1 3 1
5 vs 5 Defense
Defense Defense Time % Phy DF OF
1 Cameron Gaunce Brian Dumoulin 40 0 3 2
2 Alex Petrovic Philip Larsen 30 0 3 2
3 Viktor Loov Andrei Mironov 20 0 3 2
4 Cameron Gaunce Alex Petrovic 10 0 3 2
PowerPlay Forward
Center Left Wing Right Wing Time % Phy DF OF
1 Lars Eller Nick Spaling Jason Akeson 60 0 0 5
2 Corey Trivino Bryan Bickell Jordan Szwarz 40 0 0 5
PowerPlay Defense
Defense Defense Time % Phy DF OF
1 Cameron Gaunce Brian Dumoulin 60 0 1 4
2 Viktor Loov Alex Petrovic 40 0 1 4
Penalty Kill 4 Players Forward
Center Wing Time % Phy DF OF
1 Corey Trivino Nick Spaling 60 0 5 0
2 Lars Eller Jason Akeson 40 0 5 0
Penalty Kill 4 Players Defense
Defense Defense Time % Phy DF OF
1 Cameron Gaunce Alex Petrovic 60 0 5 0
2 Viktor Loov Andrei Mironov 40 0 5 0
Penalty Kill - 3 Players Forward
Forward Time % Phy DF OF
1 Peter Holland 60 0 5 0
2 Lars Eller 40 0 5 0
Penalty Kill - 3 Players Defense
Defense Defense Time % Phy DF OF
1 Cameron Gaunce Alex Petrovic 60 0 5 0
2 Viktor Loov Brian Dumoulin 40 0 5 0
4 vs 4 Forward
Center Wing Time % Phy DF OF
1 Marek Zagrapan Jordan Szwarz 60 0 2 3
2 Lars Eller Jason Akeson 40 0 2 3
4 vs 4 Defense
Defense Defense Time % Phy DF OF
1 Cameron Gaunce Alex Petrovic 60 0 2 3
2 Viktor Loov Alex Petrovic 40 0 2 3
Last Minutes Offensive
Center Left Wing Right Wing Defense Defense
Lars Eller Nick Spaling Jason Akeson Cameron Gaunce Alex Petrovic
Last Minutes Defensive
Center Left Wing Right Wing Defense Defense
Lars Eller Nick Spaling Jordan Szwarz Cameron Gaunce Alex Petrovic
Goaltenders
Starting : Andrew Hammond
Backup : Joni Ortio
Extra Forwards
Normal : Jordan Szwarz, Marek Zagrapan, Jason Akeson - PP : Jordan Szwarz, Marek Zagrapan - PK : Nick Spaling
Extra Defensemen
Normal : Brian Dumoulin, Philip Larsen, Viktor Loov - PP : Brian Dumoulin - PK : Philip Larsen, Viktor Loov
Penalty Shots
Nick Spaling, Jordan Szwarz, Lars Eller, Jason Akeson, Bryan Bickell
Scratches
Tyler Lewington (Healthy), Tobias Lindberg (Healthy), Andrey Pedan (Healthy), Nikita Nesterov (Healthy), Charles Hudon (Healthy)
Barclay Goodrow (Healthy), David Musil (Healthy), Darcy Kuemper (Healthy)
Sasquatch
5 vs 5 Forward
Center Left Wing Right Wing Time % Phy DF OF
1 Drew Shore Jeff Skinner Jesper Fast 40 1 2 2
2 Sergey Kalinin Teemu Hartikainen Matt Halischuk 30 1 2 2
3 Devin Shore Brock Trotter Petr Straka 20 1 2 2
4 David Desharnais Nicolas Deslauriers Sven Andrighetto 10 1 2 2
5 vs 5 Defense
Defense Defense Time % Phy DF OF
1 Patrick Wey Dougie Hamilton 40 1 2 2
2 Martin Marincin Slava Voynov 30 1 2 2
3 Josh Morrissey Brett Pesce 20 1 2 2
4 Patrick Wey Dougie Hamilton 10 1 2 2
PowerPlay Forward
Center Left Wing Right Wing Time % Phy DF OF
1 Drew Shore Jeff Skinner Jesper Fast 60 1 2 2
2 Devin Shore Brock Trotter Matt Halischuk 40 1 2 2
PowerPlay Defense
Defense Defense Time % Phy DF OF
1 Patrick Wey Dougie Hamilton 60 1 2 2
2 Josh Morrissey Slava Voynov 40 1 2 2
Penalty Kill 4 Players Forward
Center Wing Time % Phy DF OF
1 Drew Shore Nicolas Deslauriers 60 1 2 2
2 Sergey Kalinin Teemu Hartikainen 40 1 2 2
Penalty Kill 4 Players Defense
Defense Defense Time % Phy DF OF
1 Patrick Wey Dougie Hamilton 60 1 2 2
2 Martin Marincin Slava Voynov 40 1 2 2
Penalty Kill - 3 Players Forward
Forward Time % Phy DF OF
1 Drew Shore 60 1 2 2
2 Sergey Kalinin 40 1 2 2
Penalty Kill - 3 Players Defense
Defense Defense Time % Phy DF OF
1 Patrick Wey Dougie Hamilton 60 1 2 2
2 Martin Marincin Slava Voynov 40 1 2 2
4 vs 4 Forward
Center Wing Time % Phy DF OF
1 Drew Shore Jeff Skinner 60 1 2 2
2 David Desharnais Jesper Fast 40 1 2 2
4 vs 4 Defense
Defense Defense Time % Phy DF OF
1 Patrick Wey Dougie Hamilton 60 1 2 2
2 Martin Marincin Slava Voynov 40 1 2 2
Last Minutes Offensive
Center Left Wing Right Wing Defense Defense
Drew Shore Jeff Skinner Matt Halischuk Patrick Wey Dougie Hamilton
Last Minutes Defensive
Center Left Wing Right Wing Defense Defense
Drew Shore Teemu Hartikainen Matt Halischuk Patrick Wey Dougie Hamilton
Goaltenders
Starting : Joonas Korpisalo
Backup : Corey Crawford
Extra Forwards
Normal : Sergey Kalinin, Devin Shore, Petr Straka - PP : Sergey Kalinin, Devin Shore - PK : Petr Straka
Extra Defensemen
Normal : Josh Morrissey, Brett Pesce, Martin Marincin - PP : Josh Morrissey - PK : Brett Pesce, Martin Marincin
Penalty Shots
Jeff Skinner, Devin Shore, Matt Halischuk, Petr Straka, Brock Trotter
Scratches
Ryan Dzingel (Healthy), T.J. Tynan (Healthy), Ty Rattie (Healthy), Andrew Campbell (Healthy), Cal Petersen (Healthy)
% Time on Ice - Diablos
Lines # - Real PCT - Wanted PCT - Time Play
Normal Forward
1 - 36% - 40% - 18:38
2 - 27% - 30% - 14:04
3 - 24% - 20% - 12:18
4 - 13% - 10% - 6:51
Normal Defense
1 - 38% - 40% - 19:46
2 - 31% - 30% - 15:54
3 - 26% - 20% - 13:18
4 - 6% - 10% - 2:53
PP Forward
1 - 57% - 60% - 3:32
2 - 43% - 40% - 2:38
PP Defense
1 - 61% - 60% - 3:45
2 - 39% - 40% - 2:25
PK Forward
1 - 60% - 60% - 1:11
2 - 40% - 40% - 0:48
PK Defense
1 - 55% - 60% - 1:06
2 - 45% - 40% - 0:53
PK3 Forward
1 - 0% - 60%
2 - 0% - 40%
PK3 Defense
1 - 0% - 60%
2 - 0% - 40%
44 Forward
1 - 0% - 60%
2 - 0% - 40%
44 Defense
1 - 0% - 60%
2 - 0% - 40%
Last Minute Offensive - 0:00
Last Minute Defensive - 0:00
Total
Forward - 60:00
Defense - 60:00
|
% Time on Ice - Sasquatch
Lines # - Real PCT - Wanted PCT - Time Play
Normal Forward
1 - 37% - 40% - 19:12
2 - 27% - 30% - 14:10
3 - 21% - 20% - 11:01
4 - 14% - 10% - 7:28
Normal Defense
1 - 40% - 40% - 20:48
2 - 32% - 30% - 16:26
3 - 24% - 20% - 12:29
4 - 4% - 10% - 2:08
PP Forward
1 - 42% - 60% - 0:50
2 - 58% - 40% - 1:09
PP Defense
1 - 15% - 60% - 0:18
2 - 85% - 40% - 1:41
PK Forward
1 - 75% - 60% - 4:37
2 - 25% - 40% - 1:33
PK Defense
1 - 70% - 60% - 4:18
2 - 30% - 40% - 1:52
PK3 Forward
1 - 0% - 60%
2 - 0% - 40%
PK3 Defense
1 - 0% - 60%
2 - 0% - 40%
44 Forward
1 - 0% - 60%
2 - 0% - 40%
44 Defense
1 - 0% - 60%
2 - 0% - 40%
Last Minute Offensive - 0:00
Last Minute Defensive - 0:00
Total
Forward - 60:00
Defense - 60:00
|
Play-by-Play
1st period
0:01 of 1st period - Drew Shore wins face-off versus Lars Eller in neutral zone.
0:12 of 1st period - Slapshot by Drew Shore.
0:12 of 1st period - Stopped by Andrew Hammond without a rebound.
0:13 of 1st period - Sergey Kalinin wins face-off versus Corey Trivino in Diablos zone.
0:20 of 1st period - Snap shot by Teemu Hartikainen.
0:20 of 1st period - Shot Misses the Net.
0:40 of 1st period - Martin Marincin is hit by Philip Larsen and loses puck.
0:45 of 1st period - Slapshot by Danny Kristo.
0:45 of 1st period - Deflect By Jiri Sekac.
0:45 of 1st period - Shot Misses the Net.
0:45 of 1st period - Puck is out of play.
0:46 of 1st period - Jason Akeson wins face-off versus Drew Shore in Sasquatch zone.
0:57 of 1st period - Snap shot by Lars Eller.
0:57 of 1st period - Shot Misses the Net.
0:59 of 1st period - Snap shot by Lars Eller.
0:59 of 1st period - Shot Blocked by Josh Morrissey.
1:01 of 1st period - Wrist shot by Nick Spaling.
1:01 of 1st period - Shot Blocked by Josh Morrissey.
1:11 of 1st period - Peter Holland is hit by David Desharnais and loses puck.
1:36 of 1st period - Patrick Wey is hit by Bryan Bickell and loses puck.
1:45 of 1st period - Wrist shot by Bryan Bickell.
1:45 of 1st period - Stopped by Joonas Korpisalo without a rebound.
1:46 of 1st period - Drew Shore wins face-off versus Lars Eller in Sasquatch zone.
2:13 of 1st period - Danny Kristo is hit by Martin Marincin and loses puck.
2:52 of 1st period - Jason Akeson is hit by Drew Shore and loses puck.
3:01 of 1st period - Drew Shore is hit by Brian Dumoulin and loses puck.
3:24 of 1st period - Philip Larsen is hit by Drew Shore and loses puck.
3:57 of 1st period - Viktor Loov is hit by Matt Halischuk and loses puck.
4:08 of 1st period - Wrist shot by Teemu Hartikainen.
4:08 of 1st period - Shot Misses the Net.
4:23 of 1st period - Minor Penalty to Jason Akeson for Roughing.
4:24 of 1st period - Corey Trivino wins face-off versus Matt Halischuk in Diablos zone.
4:56 of 1st period - Wrist shot by Bryan Bickell.
4:56 of 1st period - Stopped by Joonas Korpisalo without a rebound.
4:57 of 1st period - Drew Shore wins face-off versus Lars Eller in Sasquatch zone.
5:06 of 1st period - Bryan Bickell is hit by Jesper Fast and loses puck.
6:23 of 1st period - Penalty to Jason Akeson is over, Jason Akeson is back on ice.
6:34 of 1st period - Lars Eller is hit by Sergey Kalinin and loses puck.
6:41 of 1st period - Jeff Skinner is hit by Bryan Bickell and loses puck.
6:56 of 1st period - Wrist shot by Lars Eller.
6:56 of 1st period - Shot Misses the Net.
6:58 of 1st period - Slapshot by Cameron Gaunce.
6:58 of 1st period - Shot Misses the Net.
7:08 of 1st period - Wrist shot by Petr Straka.
7:08 of 1st period - Shot Blocked by Viktor Loov.
7:12 of 1st period - Slapshot by Jeff Skinner.
7:12 of 1st period - Stopped by Andrew Hammond without a rebound.
7:13 of 1st period - Marek Zagrapan wins face-off versus David Desharnais in Diablos zone.
7:22 of 1st period - Off-side.
7:23 of 1st period - Marek Zagrapan wins face-off versus David Desharnais in neutral zone.
7:39 of 1st period - Marek Zagrapan is hit by Slava Voynov and loses puck.
8:04 of 1st period - Wrist shot by Marek Zagrapan.
8:04 of 1st period - Shot Blocked by Sven Andrighetto.
8:22 of 1st period - Snap shot by Danny Kristo.
8:22 of 1st period - Shot Misses the Net.
8:24 of 1st period - Snap shot by Marek Zagrapan.
8:24 of 1st period - Stopped by Joonas Korpisalo with a rebound.
8:26 of 1st period - Slapshot by Viktor Loov.
8:26 of 1st period - Shot Blocked by Nicolas Deslauriers.
8:28 of 1st period - Slapshot by Alex Petrovic.
8:28 of 1st period - Shot Blocked by Slava Voynov.
8:30 of 1st period - Wrist shot by Marek Zagrapan.
8:30 of 1st period - Stopped by Joonas Korpisalo with a rebound.
8:32 of 1st period - Snap shot by Jiri Sekac.
8:32 of 1st period - Shot Misses the Net.
8:34 of 1st period - Wrist shot by Jiri Sekac.
8:34 of 1st period - Stopped by Joonas Korpisalo with a rebound.
8:36 of 1st period - Slapshot by Alex Petrovic.
8:36 of 1st period - Stopped by Joonas Korpisalo with a rebound.
8:38 of 1st period - Slapshot by Alex Petrovic.
8:38 of 1st period - Deflect By Marek Zagrapan.
8:38 of 1st period - Shot Misses the Net.
8:38 of 1st period - Puck is out of play.
8:39 of 1st period - Sergey Kalinin wins face-off versus Lars Eller in Sasquatch zone.
8:39 of 1st period - Sergey Kalinin is hit by Brian Dumoulin.
8:53 of 1st period - Slapshot by Lars Eller.
8:53 of 1st period - Stopped by Joonas Korpisalo without a rebound.
8:54 of 1st period - Lars Eller wins face-off versus Devin Shore in Sasquatch zone.
9:43 of 1st period - Slapshot by Dougie Hamilton.
9:43 of 1st period - Deflect By Matt Halischuk.
9:43 of 1st period - Stopped by Andrew Hammond with a rebound.
9:45 of 1st period - Slapshot by Dougie Hamilton.
9:45 of 1st period - Stopped by Andrew Hammond with a rebound.
9:47 of 1st period - Snap shot by Matt Halischuk.
9:47 of 1st period - Shot Blocked by Jordan Szwarz.
9:49 of 1st period - Wrist shot by Matt Halischuk.
9:49 of 1st period - Stopped by Andrew Hammond with a rebound.
9:51 of 1st period - Snap shot by Sergey Kalinin.
9:51 of 1st period - Stopped by Andrew Hammond with a rebound.
10:26 of 1st period - Corey Trivino is hit by David Desharnais and loses puck.
10:37 of 1st period - Wrist shot by Bryan Bickell.
10:37 of 1st period - Deflect By Matt Halischuk.
10:37 of 1st period - Shot Misses the Net.
10:37 of 1st period - Puck is out of play.
10:38 of 1st period - Lars Eller wins face-off versus Matt Halischuk in Sasquatch zone.
11:01 of 1st period - Slapshot by Brock Trotter.
11:01 of 1st period - Stopped by Andrew Hammond with a rebound.
11:03 of 1st period - Slapshot by Brock Trotter.
11:03 of 1st period - Stopped by Andrew Hammond without a rebound.
11:04 of 1st period - Devin Shore wins face-off versus Peter Holland in Diablos zone.
11:09 of 1st period - Snap shot by Brock Trotter.
11:09 of 1st period - Shot Misses the Net.
11:29 of 1st period - Jiri Sekac is hit by Jeff Skinner and loses puck.
11:38 of 1st period - Snap shot by Drew Shore.
11:38 of 1st period - Shot Blocked by Viktor Loov.
11:52 of 1st period - Snap shot by Teemu Hartikainen.
11:52 of 1st period - Deflect By Lars Eller.
11:52 of 1st period - Stopped by Andrew Hammond without a rebound.
11:53 of 1st period - Sergey Kalinin wins face-off versus Lars Eller in Diablos zone.
12:39 of 1st period - Dougie Hamilton is hit by Bryan Bickell and loses puck.
12:46 of 1st period - Wrist shot by Jordan Szwarz.
12:46 of 1st period - Shot Misses the Net.
13:03 of 1st period - Dougie Hamilton is hit by Philip Larsen and loses puck.
13:23 of 1st period - Off-side.
13:24 of 1st period - Lars Eller wins face-off versus Drew Shore in neutral zone.
13:29 of 1st period - Slapshot by Lars Eller.
13:29 of 1st period - Stopped by Joonas Korpisalo without a rebound.
13:30 of 1st period - Drew Shore wins face-off versus Lars Eller in Sasquatch zone.
14:19 of 1st period - Snap shot by Sergey Kalinin.
14:19 of 1st period - Deflect By Matt Halischuk.
14:19 of 1st period - Deflect By Corey Trivino.
14:19 of 1st period - Goal by Matt Halischuk - Diablos : 0 - Sasquatch : 1.
14:20 of 1st period - Teemu Hartikainen wins face-off versus Nick Spaling in neutral zone.
14:23 of 1st period - Wrist shot by Matt Halischuk.
14:23 of 1st period - Goal by Matt Halischuk - Diablos : 0 - Sasquatch : 2.
14:24 of 1st period - Jason Akeson wins face-off versus Sergey Kalinin in neutral zone.
14:29 of 1st period - Wrist shot by Cameron Gaunce.
14:29 of 1st period - Stopped by Joonas Korpisalo with a rebound.
14:55 of 1st period - Wrist shot by Jordan Szwarz.
14:55 of 1st period - Shot Misses the Net.
15:56 of 1st period - Off-side.
15:57 of 1st period - Sergey Kalinin wins face-off versus Marek Zagrapan in neutral zone.
16:39 of 1st period - Viktor Loov is hit by Brock Trotter and loses puck.
17:08 of 1st period - Minor Penalty to Slava Voynov for Interference.
17:09 of 1st period - Lars Eller wins face-off versus Drew Shore in Sasquatch zone.
17:18 of 1st period - Wrist shot by Nick Spaling.
17:18 of 1st period - Stopped by Joonas Korpisalo without a rebound.
17:19 of 1st period - Drew Shore wins face-off versus Lars Eller in Sasquatch zone.
17:19 of 1st period - Drew Shore is hit by Cameron Gaunce.
17:36 of 1st period - Off-side.
17:37 of 1st period - Drew Shore wins face-off versus Corey Trivino in neutral zone.
18:27 of 1st period - Drew Shore is hit by Corey Trivino and loses puck.
19:08 of 1st period - Penalty to Slava Voynov is over, Slava Voynov is back on ice.
19:49 of 1st period - Snap shot by Jiri Sekac.
19:49 of 1st period - Shot Misses the Net.
Goals for this period are 0 for Diablos vs 2 for Sasquatch.
Shots for this period are 10 for Diablos vs 11 for Sasquatch.
2nd period
0:01 of 2nd period - Drew Shore wins face-off versus Lars Eller in neutral zone.
0:03 of 2nd period - Off-side.
0:04 of 2nd period - Jason Akeson wins face-off versus Drew Shore in neutral zone.
0:09 of 2nd period - Wrist shot by Jason Akeson.
0:09 of 2nd period - Shot Blocked by Jesper Fast.
0:19 of 2nd period - Nick Spaling is hit by Drew Shore and loses puck.
0:34 of 2nd period - Wrist shot by Jordan Szwarz.
0:34 of 2nd period - Shot Blocked by Patrick Wey.
0:40 of 2nd period - Wrist shot by Teemu Hartikainen.
0:40 of 2nd period - Stopped by Andrew Hammond without a rebound.
0:41 of 2nd period - Drew Shore wins face-off versus Lars Eller in Diablos zone.
0:54 of 2nd period - Slapshot by Lars Eller.
0:54 of 2nd period - Stopped by Joonas Korpisalo without a rebound.
0:55 of 2nd period - Lars Eller wins face-off versus Teemu Hartikainen in Sasquatch zone.
1:10 of 2nd period - Wrist shot by Matt Halischuk.
1:10 of 2nd period - Shot Misses the Net.
1:22 of 2nd period - Jesper Fast is hit by Bryan Bickell and loses puck.
2:08 of 2nd period - Minor Penalty to David Desharnais for Interference.
2:09 of 2nd period - Drew Shore wins face-off versus Lars Eller in Sasquatch zone.
2:19 of 2nd period - Snap shot by Lars Eller.
2:19 of 2nd period - Stopped by Joonas Korpisalo with a rebound.
2:21 of 2nd period - Slapshot by Brian Dumoulin.
2:21 of 2nd period - Goal by Brian Dumoulin - Diablos : 1 - Sasquatch : 2.
2:22 of 2nd period - Jeff Skinner wins face-off versus Lars Eller in neutral zone.
3:14 of 2nd period - Petr Straka is hit by Philip Larsen and loses puck.
4:16 of 2nd period - Slapshot by Cameron Gaunce.
4:16 of 2nd period - Stopped by Joonas Korpisalo with a rebound.
4:34 of 2nd period - Danny Kristo is hit by Devin Shore and loses puck.
5:16 of 2nd period - Alex Petrovic is hit by Jeff Skinner and loses puck.
5:41 of 2nd period - Snap shot by Tyler Pitlick.
5:41 of 2nd period - Shot Misses the Net.
6:34 of 2nd period - David Desharnais is hit by Corey Trivino and loses puck.
7:03 of 2nd period - Snap shot by Tyler Pitlick.
7:03 of 2nd period - Shot Misses the Net.
7:05 of 2nd period - Snap shot by Philip Larsen.
7:05 of 2nd period - Shot Misses the Net.
7:07 of 2nd period - Wrist shot by Viktor Loov.
7:07 of 2nd period - Shot Blocked by Nicolas Deslauriers.
7:38 of 2nd period - Josh Morrissey is hit by Marek Zagrapan and loses puck.
7:47 of 2nd period - Wrist shot by Jiri Sekac.
7:47 of 2nd period - Stopped by Joonas Korpisalo without a rebound.
7:48 of 2nd period - Sergey Kalinin wins face-off versus Bryan Bickell in Sasquatch zone.
8:42 of 2nd period - Jason Akeson is hit by Jeff Skinner and loses puck.
8:48 of 2nd period - Off-side.
8:49 of 2nd period - David Desharnais wins face-off versus Lars Eller in neutral zone.
8:51 of 2nd period - Off-side.
8:52 of 2nd period - David Desharnais wins face-off versus Lars Eller in neutral zone.
9:03 of 2nd period - Snap shot by Jason Akeson.
9:03 of 2nd period - Stopped by Joonas Korpisalo without a rebound.
9:04 of 2nd period - Jesper Fast wins face-off versus Nick Spaling in Sasquatch zone.
9:06 of 2nd period - Icing by Drew Shore.
9:07 of 2nd period - Drew Shore wins face-off versus Lars Eller in Sasquatch zone.
9:12 of 2nd period - Slapshot by Patrick Wey.
9:12 of 2nd period - Shot Misses the Net.
9:18 of 2nd period - Wrist shot by Lars Eller.
9:18 of 2nd period - Stopped by Joonas Korpisalo with a rebound.
9:20 of 2nd period - Backhand shot by Lars Eller.
9:20 of 2nd period - Shot Misses the Net.
9:22 of 2nd period - Snap shot by Cameron Gaunce.
9:22 of 2nd period - Deflect By Lars Eller.
9:22 of 2nd period - Goal by Lars Eller - Diablos : 2 - Sasquatch : 2.
9:23 of 2nd period - Drew Shore wins face-off versus Lars Eller in neutral zone.
9:31 of 2nd period - Slapshot by Dougie Hamilton.
9:31 of 2nd period - Shot Blocked by Cameron Gaunce.
9:33 of 2nd period - Snap shot by Jeff Skinner.
9:33 of 2nd period - Deflect By Jesper Fast.
9:33 of 2nd period - Stopped by Andrew Hammond without a rebound.
9:34 of 2nd period - Lars Eller wins face-off versus Matt Halischuk in Diablos zone.
9:41 of 2nd period - Slapshot by Cameron Gaunce.
9:41 of 2nd period - Stopped by Joonas Korpisalo with a rebound.
9:43 of 2nd period - Wrist shot by Jason Akeson.
9:43 of 2nd period - Goal by Jason Akeson - Diablos : 3 - Sasquatch : 2.
9:44 of 2nd period - Lars Eller wins face-off versus Drew Shore in neutral zone.
9:52 of 2nd period - Snap shot by Nick Spaling.
9:52 of 2nd period - Deflect By Jason Akeson.
9:52 of 2nd period - Shot Misses the Net.
9:52 of 2nd period - Puck is out of play.
9:53 of 2nd period - Lars Eller wins face-off versus Drew Shore in Sasquatch zone.
9:56 of 2nd period - Wrist shot by Nick Spaling.
9:56 of 2nd period - Shot Blocked by Patrick Wey.
10:14 of 2nd period - Slapshot by Drew Shore.
10:14 of 2nd period - Shot Blocked by Alex Petrovic.
10:16 of 2nd period - Snap shot by Drew Shore.
10:16 of 2nd period - Goal by Drew Shore - Diablos : 3 - Sasquatch : 3.
10:17 of 2nd period - Sergey Kalinin wins face-off versus Lars Eller in neutral zone.
10:20 of 2nd period - Slapshot by Slava Voynov.
10:20 of 2nd period - Stopped by Andrew Hammond with a rebound.
10:22 of 2nd period - Wrist shot by Martin Marincin.
10:22 of 2nd period - Shot Blocked by Brian Dumoulin.
10:24 of 2nd period - Snap shot by Matt Halischuk.
10:24 of 2nd period - Stopped by Andrew Hammond with a rebound.
10:32 of 2nd period - Snap shot by Matt Halischuk.
10:32 of 2nd period - Deflect By Teemu Hartikainen.
10:32 of 2nd period - Stopped by Andrew Hammond with a rebound.
11:23 of 2nd period - Snap shot by Tyler Pitlick.
11:23 of 2nd period - Goal by Tyler Pitlick - Diablos : 4 - Sasquatch : 3.
11:24 of 2nd period - Lars Eller wins face-off versus Sergey Kalinin in neutral zone.
11:27 of 2nd period - Snap shot by Alex Petrovic.
11:27 of 2nd period - Stopped by Joonas Korpisalo with a rebound.
11:29 of 2nd period - Slapshot by Philip Larsen.
11:29 of 2nd period - Stopped by Joonas Korpisalo with a rebound.
11:31 of 2nd period - Snap shot by Jason Akeson.
11:31 of 2nd period - Stopped by Joonas Korpisalo without a rebound.
11:32 of 2nd period - Sergey Kalinin wins face-off versus Lars Eller in Sasquatch zone.
12:01 of 2nd period - Snap shot by Jordan Szwarz.
12:01 of 2nd period - Shot Misses the Net.
12:15 of 2nd period - Minor Penalty to Jeff Skinner for Roughing.
12:16 of 2nd period - Jason Akeson wins face-off versus Drew Shore in Sasquatch zone.
14:15 of 2nd period - Penalty to Jeff Skinner is over, Jeff Skinner is back on ice.
14:31 of 2nd period - Jeff Skinner is hit by Alex Petrovic and loses puck.
15:00 of 2nd period - Andrei Mironov is hit by Josh Morrissey and loses puck.
15:09 of 2nd period - Snap shot by Jeff Skinner.
15:09 of 2nd period - Stopped by Andrew Hammond without a rebound.
15:10 of 2nd period - Devin Shore wins face-off versus Corey Trivino in Diablos zone.
15:20 of 2nd period - Minor Penalty to Devin Shore for Hooking.
15:21 of 2nd period - Lars Eller wins face-off versus Drew Shore in Sasquatch zone.
15:25 of 2nd period - Wrist shot by Lars Eller.
15:25 of 2nd period - Stopped by Joonas Korpisalo without a rebound.
15:26 of 2nd period - Jason Akeson wins face-off versus Drew Shore in Sasquatch zone.
15:27 of 2nd period - Wrist shot by Nick Spaling.
15:27 of 2nd period - Shot Misses the Net.
15:29 of 2nd period - Slapshot by Jason Akeson.
15:29 of 2nd period - Shot Misses the Net.
15:31 of 2nd period - Slapshot by Cameron Gaunce.
15:31 of 2nd period - Deflect By Dougie Hamilton.
15:31 of 2nd period - Stopped by Joonas Korpisalo without a rebound.
15:32 of 2nd period - Lars Eller wins face-off versus Drew Shore in Sasquatch zone.
15:33 of 2nd period - Snap shot by Nick Spaling.
15:33 of 2nd period - Stopped by Joonas Korpisalo without a rebound.
15:34 of 2nd period - Drew Shore wins face-off versus Lars Eller in Sasquatch zone.
15:34 of 2nd period - Drew Shore is hit by Jason Akeson.
15:44 of 2nd period - Lars Eller is hit by Drew Shore and loses puck.
15:59 of 2nd period - Dougie Hamilton is hit by Corey Trivino and loses puck.
17:20 of 2nd period - Penalty to Devin Shore is over, Devin Shore is back on ice.
17:33 of 2nd period - Snap shot by Drew Shore.
17:33 of 2nd period - Deflect By Devin Shore.
17:33 of 2nd period - Stopped by Andrew Hammond with a rebound.
17:51 of 2nd period - Wrist shot by Matt Halischuk.
17:51 of 2nd period - Deflect By Sergey Kalinin.
17:51 of 2nd period - Goal by Sergey Kalinin - Diablos : 4 - Sasquatch : 4.
17:52 of 2nd period - Sergey Kalinin wins face-off versus Lars Eller in neutral zone.
17:55 of 2nd period - Alex Petrovic is hit by Slava Voynov and loses puck.
18:02 of 2nd period - Snap shot by Sergey Kalinin.
18:02 of 2nd period - Shot Hit the Post.
18:04 of 2nd period - Snap shot by Martin Marincin.
18:04 of 2nd period - Deflect By Nick Spaling.
18:04 of 2nd period - Stopped by Andrew Hammond with a rebound.
18:42 of 2nd period - Jiri Sekac is hit by Jeff Skinner and loses puck.
18:49 of 2nd period - Slapshot by Jeff Skinner.
18:49 of 2nd period - Shot Hit the Post.
19:48 of 2nd period - Slapshot by Jesper Fast.
19:48 of 2nd period - Shot Misses the Net.
19:50 of 2nd period - Slapshot by Drew Shore.
19:50 of 2nd period - Stopped by Andrew Hammond with a rebound.
Goals for this period are 4 for Diablos vs 2 for Sasquatch.
Shots for this period are 17 for Diablos vs 11 for Sasquatch.
3rd period
0:01 of 3rd period - Drew Shore wins face-off versus Lars Eller in neutral zone.
0:06 of 3rd period - Snap shot by Drew Shore.
0:06 of 3rd period - Stopped by Andrew Hammond with a rebound.
0:26 of 3rd period - Jesper Fast is hit by Jiri Sekac.
0:40 of 3rd period - Snap shot by Jeff Skinner.
0:40 of 3rd period - Stopped by Andrew Hammond with a rebound.
0:42 of 3rd period - Snap shot by Jeff Skinner.
0:42 of 3rd period - Stopped by Andrew Hammond with a rebound.
0:44 of 3rd period - Snap shot by Drew Shore.
0:44 of 3rd period - Stopped by Andrew Hammond without a rebound.
0:45 of 3rd period - Sergey Kalinin wins face-off versus Lars Eller in Diablos zone.
2:01 of 3rd period - Matt Halischuk is hit by Jiri Sekac.
2:25 of 3rd period - Snap shot by Dougie Hamilton.
2:25 of 3rd period - Stopped by Andrew Hammond with a rebound.
2:27 of 3rd period - Slapshot by Jeff Skinner.
2:27 of 3rd period - Shot Blocked by Tyler Pitlick.
2:29 of 3rd period - Slapshot by Patrick Wey.
2:29 of 3rd period - Shot Blocked by Andrei Mironov.
2:38 of 3rd period - Off-side.
2:39 of 3rd period - David Desharnais wins face-off versus Corey Trivino in neutral zone.
2:48 of 3rd period - Slapshot by Brian Dumoulin.
2:48 of 3rd period - Shot Blocked by Sven Andrighetto.
2:50 of 3rd period - Slapshot by Brian Dumoulin.
2:50 of 3rd period - Shot Misses the Net.
2:54 of 3rd period - Wrist shot by Corey Trivino.
2:54 of 3rd period - Stopped by Joonas Korpisalo without a rebound.
2:55 of 3rd period - Drew Shore wins face-off versus Lars Eller in Sasquatch zone.
4:37 of 3rd period - Off-side.
4:38 of 3rd period - Sergey Kalinin wins face-off versus Corey Trivino in neutral zone.
5:54 of 3rd period - Wrist shot by David Desharnais.
5:54 of 3rd period - Shot Blocked by Andrei Mironov.
6:48 of 3rd period - Snap shot by Brock Trotter.
6:48 of 3rd period - Stopped by Andrew Hammond without a rebound.
6:49 of 3rd period - Devin Shore wins face-off versus Marek Zagrapan in Diablos zone.
8:03 of 3rd period - Nicolas Deslauriers is hit by Sergey Tolchinsky and loses puck.
8:22 of 3rd period - Slapshot by Danny Kristo.
8:22 of 3rd period - Stopped by Joonas Korpisalo with a rebound.
9:44 of 3rd period - Snap shot by Jordan Szwarz.
9:44 of 3rd period - Deflect By Drew Shore.
9:44 of 3rd period - Stopped by Joonas Korpisalo with a rebound.
10:00 of 3rd period - Snap shot by Lars Eller.
10:00 of 3rd period - Shot Misses the Net.
10:02 of 3rd period - Slapshot by Jason Akeson.
10:02 of 3rd period - Stopped by Joonas Korpisalo with a rebound.
10:04 of 3rd period - Snap shot by Lars Eller.
10:04 of 3rd period - Goal by Lars Eller - Diablos : 5 - Sasquatch : 4.
10:05 of 3rd period - Drew Shore wins face-off versus Lars Eller in neutral zone.
10:16 of 3rd period - Slapshot by Dougie Hamilton.
10:16 of 3rd period - Shot Blocked by Brian Dumoulin.
10:20 of 3rd period - Snap shot by Jesper Fast.
10:20 of 3rd period - Stopped by Andrew Hammond with a rebound.
10:30 of 3rd period - Dougie Hamilton is hit by Cameron Gaunce and loses puck.
10:50 of 3rd period - Jiri Sekac is hit by Petr Straka.
10:54 of 3rd period - Snap shot by Alex Petrovic.
10:54 of 3rd period - Deflect By Tyler Pitlick.
10:54 of 3rd period - Stopped by Joonas Korpisalo with a rebound.
10:56 of 3rd period - Slapshot by Brian Dumoulin.
10:56 of 3rd period - Deflect By Peter Holland.
10:56 of 3rd period - Stopped by Joonas Korpisalo with a rebound.
10:58 of 3rd period - Slapshot by Brian Dumoulin.
10:58 of 3rd period - Shot Blocked by Brock Trotter.
11:00 of 3rd period - Wrist shot by Peter Holland.
11:00 of 3rd period - Shot Misses the Net.
11:14 of 3rd period - Slapshot by Martin Marincin.
11:14 of 3rd period - Shot Misses the Net.
11:32 of 3rd period - Icing by Brett Pesce.
11:33 of 3rd period - Drew Shore wins face-off versus Lars Eller in Sasquatch zone.
11:44 of 3rd period - Wrist shot by Drew Shore.
11:44 of 3rd period - Stopped by Andrew Hammond without a rebound.
11:45 of 3rd period - Sergey Kalinin wins face-off versus Lars Eller in Diablos zone.
11:45 of 3rd period - Dougie Hamilton is hit by Cameron Gaunce and loses puck.
12:18 of 3rd period - Snap shot by Bryan Bickell.
12:18 of 3rd period - Deflect By Corey Trivino.
12:18 of 3rd period - Shot Blocked by Patrick Wey.
12:18 of 3rd period - Puck is out of play.
12:19 of 3rd period - Drew Shore wins face-off versus Corey Trivino in Sasquatch zone.
12:54 of 3rd period - Wrist shot by Matt Halischuk.
12:54 of 3rd period - Stopped by Andrew Hammond without a rebound.
12:55 of 3rd period - Drew Shore wins face-off versus Lars Eller in Diablos zone.
13:22 of 3rd period - Wrist shot by Matt Halischuk.
13:22 of 3rd period - Shot Misses the Net.
13:24 of 3rd period - Slapshot by Teemu Hartikainen.
13:24 of 3rd period - Shot Misses the Net.
13:26 of 3rd period - Wrist shot by Josh Morrissey.
13:26 of 3rd period - Stopped by Andrew Hammond with a rebound.
13:39 of 3rd period - Icing by Brian Dumoulin.
13:40 of 3rd period - Marek Zagrapan wins face-off versus Devin Shore in Diablos zone.
13:45 of 3rd period - Slapshot by Cameron Gaunce.
13:45 of 3rd period - Stopped by Joonas Korpisalo with a rebound.
13:47 of 3rd period - Snap shot by Brian Dumoulin.
13:47 of 3rd period - Deflect By Marek Zagrapan.
13:47 of 3rd period - Stopped by Joonas Korpisalo with a rebound.
14:09 of 3rd period - Snap shot by Patrick Wey.
14:09 of 3rd period - Shot Blocked by Lars Eller.
14:11 of 3rd period - Slapshot by Patrick Wey.
14:11 of 3rd period - Shot Blocked by Philip Larsen.
14:13 of 3rd period - Wrist shot by Patrick Wey.
14:13 of 3rd period - Deflect By Jeff Skinner.
14:13 of 3rd period - Stopped by Andrew Hammond without a rebound.
14:14 of 3rd period - Corey Trivino wins face-off versus Drew Shore in Diablos zone.
14:21 of 3rd period - Jesper Fast is hit by Alex Petrovic.
14:43 of 3rd period - Snap shot by Matt Halischuk.
14:43 of 3rd period - Shot Misses the Net.
14:45 of 3rd period - Slapshot by Slava Voynov.
14:45 of 3rd period - Deflect By Lars Eller.
14:45 of 3rd period - Stopped by Andrew Hammond with a rebound.
14:47 of 3rd period - Backhand shot by Teemu Hartikainen.
14:47 of 3rd period - Shot Misses the Net.
14:49 of 3rd period - Slapshot by Slava Voynov.
14:49 of 3rd period - Shot Blocked by Viktor Loov.
15:10 of 3rd period - Slapshot by Brian Dumoulin.
15:10 of 3rd period - Stopped by Joonas Korpisalo with a rebound.
15:12 of 3rd period - Slapshot by Brian Dumoulin.
15:12 of 3rd period - Goal by Brian Dumoulin - Diablos : 6 - Sasquatch : 4.
15:13 of 3rd period - Lars Eller wins face-off versus Devin Shore in neutral zone.
15:16 of 3rd period - Patrick Wey is hit by Lars Eller and loses puck.
15:39 of 3rd period - Brian Dumoulin is hit by Jeff Skinner and loses puck.
15:48 of 3rd period - Backhand shot by Drew Shore.
15:48 of 3rd period - Shot Misses the Net.
16:00 of 3rd period - Brian Dumoulin is hit by Teemu Hartikainen and loses puck.
17:23 of 3rd period - Slava Voynov is hit by Andrei Mironov and loses puck.
17:40 of 3rd period - Matt Halischuk is hit by Alex Petrovic.
17:44 of 3rd period - Slava Voynov is hit by Lars Eller.
18:03 of 3rd period - Snap shot by Petr Straka.
18:03 of 3rd period - Stopped by Andrew Hammond with a rebound.
18:41 of 3rd period - Wrist shot by Lars Eller.
18:41 of 3rd period - Deflect By Jason Akeson.
18:41 of 3rd period - Stopped by Joonas Korpisalo without a rebound.
18:42 of 3rd period - Sergey Kalinin wins face-off versus Lars Eller in Sasquatch zone.
19:15 of 3rd period - Danny Kristo is hit by Patrick Wey.
19:46 of 3rd period - Snap shot by Devin Shore.
19:46 of 3rd period - Stopped by Andrew Hammond with a rebound.
19:48 of 3rd period - Wrist shot by Sergey Kalinin.
19:48 of 3rd period - Shot Misses the Net.
19:50 of 3rd period - Wrist shot by Sergey Kalinin.
19:50 of 3rd period - Stopped by Andrew Hammond without a rebound.
19:51 of 3rd period - Lars Eller wins face-off versus Drew Shore in Diablos zone.
Goals for this period are 2 for Diablos vs 0 for Sasquatch.
Shots for this period are 12 for Diablos vs 15 for Sasquatch.
Back to the Top